Map: Traitor's Exile

Players

AbleBaker - Winner!

  • Race: Protoss Protoss
  • League: Platinum
  • Spawn Location: 12:00

reapo - Winner!

  • Race: Terran Terran
  • League: Silver
  • Spawn Location: 9:00

Subwaymaker

  • Race: Terran Terran
  • League: Gold
  • Spawn Location: 6:00

Mesrob

  • Race: Terran Terran
  • Spawn Location: 5:00

VOD

Have the link to the VOD?

Description

Time

  • Played on: Oct. 4, 2019, 10:35 p.m.
  • Length: 14:41
Show
View Real Time Build Order
Export as new Build Order

AbleBaker Protoss - Winner!

Build Orders: Colossus Rush 

Get SALT Encoding   

  12  0:01  Probe  
  13  0:13  Probe  
  14  0:19  Pylon  
  14  0:25  Probe  
  15  0:37  Probe  
  16  0:45  Gateway  
  16  0:49  Probe  
  17  1:01  Probe  
  17  1:03  Assimilator  
  18  1:13  Probe  
  19  1:26  Probe  
  20  1:38  Probe  
  21  1:57  Assimilator  
  21  1:58  Pylon  
  21  2:04  Probe (Chrono Boost)  
  21  2:05  Cybernetics Core  
  22  2:14  Probe (Chrono Boost), Nexus  
  23  2:19  Probe (Chrono Boost)  
  24  2:31  Pylon  
  24  2:36  Gateway  
  24  2:38  Probe  
  24  2:42  Pylon  
  25  2:44  Warp Gate  
  25  2:50  Probe, Robotics Facility  
  26  2:57  Stalker (Chrono Boost)  
  26  3:02  Probe  
  29  3:14  Probe  
  30  3:20  Stalker  
  30  3:23  Stalker  
  34  3:46  Probe (Chrono Boost)  
  36  3:51  Probe (Chrono Boost)  
  36  3:55  Probe (Chrono Boost)  
  37  3:56  Robotics Bay  
  37  3:58  Observer (Chrono Boost)  
  37  3:59  Probe (Chrono Boost)  
  39  4:05  Pylon  
  39  4:06  Pylon  
  41  4:10  Probe (Chrono Boost)  
  41  4:12  Stalker  
  41  4:13  Probe (Chrono Boost)  
  43  4:18  Probe (Chrono Boost)  
  43  4:21  Probe (Chrono Boost)  
  43  4:22  Immortal  
  49  4:27  Probe  
  50  4:32  Probe  
  50  4:35  Assimilator  
  51  4:39  Assimilator, Probe  
  51  4:44  Probe  
  53  4:48  Extended Thermal Lance  
  53  4:51  Probe  
  54  4:56  Probe  
  55  5:03  Forge x2, Probe  
  56  5:08  Probe  
  57  5:15  Probe  
  58  5:25  Colossus  
  62  5:40  Stalker  
  62  5:41  Stalker  
  60  5:57  Protoss Ground Weapons Level 1  
  60  5:58  Protoss Ground Armor Level 1  
  60  6:16  Colossus (Chrono Boost)  
  60  6:17  Gateway  
  60  6:19  Gateway  
  60  6:22  Gateway  
  66  6:31  Stalker  
  66  6:32  Stalker  
  42  7:25  Stalker x5  
  35  7:49  Colossus (Chrono Boost)  
  35  7:56  Stalker x3  
  43  8:29  Zealot x2  
  33  8:57  Zealot x3  
  38  9:33  Cybernetics Core  
  34  9:41  Zealot x2  
  32  10:05  Nexus  
  32  10:08  Pylon  
  32  10:11  Pylon  
  32  10:18  Nexus  
  32  10:45  Photon Cannon  
  32  10:46  Photon Cannon  
  32  10:55  Stalker  
  34  10:58  Stalker  
  34  11:01  Colossus (Chrono Boost)  
  42  11:13  Stalker  
  42  11:18  Probe  
  45  11:20  Probe  
  47  11:32  Probe (Chrono Boost)  
  47  11:37  Probe (Chrono Boost)  
  48  12:15  Probe x2  
  50  12:19  Stalker x2  
  50  12:20  Stalker  
  56  12:25  Colossus  
  56  12:27  Probe (Chrono Boost)  
  56  12:28  Probe (Chrono Boost)  
  65  12:37  Probe (Chrono Boost)  
  65  12:39  Probe (Chrono Boost)  
  67  12:45  Probe (Chrono Boost)  
  67  12:46  Probe (Chrono Boost)  
  67  12:49  Probe (Chrono Boost)  
  69  12:51  Probe x2 (Chrono Boost)  
  69  12:53  Sentry  
  69  12:54  Sentry  
  69  12:58  Probe  
  76  13:03  Probe  
  77  13:20  Assimilator  
  77  13:23  Assimilator  
  77  13:24  Assimilator  
  77  13:26  Assimilator  
  77  13:28  Pylon  
  77  13:33  Pylon  
  77  13:36  Twilight Council  
  77  13:47  Stargate  
  73  14:25  Stalker x3  
Show
View Real Time Build Order
Export as new Build Order

reapo Terran - Winner!

Build Orders:  

Get SALT Encoding   

  12  0:02  SCV  
  13  0:14  SCV  
  14  0:22  Supply Depot  
  14  0:26  SCV  
  15  0:44  Barracks  
  15  0:48  Refinery  
  15  0:49  SCV  
  16  1:01  SCV  
  17  1:14  SCV  
  18  1:33  Marine  
  18  1:37  Command Center  
  19  1:44  Supply Depot  
  19  1:50  Orbital Command  
  19  1:55  Marine  
  20  2:11  Factory  
  20  2:19  SCV  
  21  2:24  Marine  
  22  2:31  SCV  
  22  2:36  Barracks  
  23  2:51  SCV  
  23  2:52  SCV  
  23  2:55  Factory Reactor  
  25  2:58  Marine  
  25  3:00  Starport  
  25  3:03  SCV  
  27  3:13  SCV  
  27  3:14  Refinery  
  27  3:16  Marine, SCV  
  30  3:26  SCV  
  31  3:32  Barracks Tech Lab, Supply Depot  
  31  3:34  Marine  
  31  3:37  SCV  
  33  3:43  SCV  
  33  3:47  Refinery  
  36  3:49  SCV  
  36  3:54  Supply Depot  
  36  3:55  SCV  
  36  4:01  SCV  
  37  4:02  Factory Tech Lab  
  37  4:05  Marine, Stimpack  
  37  4:07  SCV  
  37  4:09  Barracks Reactor  
  39  4:10  Medivac  
  41  4:17  SCV  
  41  4:19  SCV  
  43  4:24  Medivac  
  43  4:30  Marine  
  46  4:43  Orbital Command  
  46  4:44  Refinery  
  46  4:55  Marine, Supply Depot  
  46  4:56  Marine, Supply Depot x2  
  46  4:57  Marine  
  46  4:59  Siege Tank  
  52  5:07  SCV  
  52  5:10  SCV  
  54  5:14  Marine x2  
  54  5:15  Marine  
  54  5:17  Supply Depot  
  54  5:19  SCV  
  58  5:22  SCV  
  59  5:33  Marine  
  59  5:35  Marine x2  
  62  5:42  Siege Tank  
  65  5:43  Medivac x2  
  69  5:51  Marine  
  69  5:53  Marine  
  69  5:55  SCV x2  
  73  6:04  Engineering Bay  
  73  6:07  Engineering Bay, SCV  
  73  6:09  Marine, Supply Depot  
  75  6:15  Marine x2  
  75  6:18  Combat Shield  
  77  6:27  Marine  
  81  6:32  Siege Tank  
  81  6:33  Command Center  
  81  7:17  Marine x3  
  83  7:34  Marine  
  83  7:35  Marine x2  
  81  7:52  Marine x2  
  81  7:53  Marine  
  76  8:10  Marine  
  76  8:11  Siege Tank  
  74  8:15  Marine  
  74  8:16  Marine  
  76  8:28  Marine, Starport  
  76  8:31  Fusion Core  
  76  8:33  Starport, Marine  
  78  8:34  Marine  
  78  8:36  Starport  
  78  8:41  Orbital Command  
  78  8:42  SCV  
  78  8:46  Marine  
  80  8:51  Marine  
  80  8:54  SCV  
  82  9:02  Terran Infantry Weapons Level 1  
  82  9:03  Terran Infantry Armor Level 1  
  82  9:04  Barracks Tech Lab  
  82  9:07  SCV  
  82  9:09  Starport Tech Lab, Armory  
  83  9:14  Factory Tech Lab  
  83  9:28  Starport Tech Lab, Battlecruiser  
  89  9:32  Supply Depot  
  89  9:57  Supply Depot  
  89  10:11  Marine x3  
  87  10:24  Battlecruiser  
  90  10:37  Battlecruiser  
  90  10:38  Battlecruiser  
  90  10:41  Marine  
  103  10:43  Liberator x2  
  103  10:50  Thor  
  103  10:55  Weapon Refit  
  115  11:05  Terran Ship Weapons Level 1  
  115  11:09  SCV  
  116  11:17  Refinery  
  116  11:21  SCV  
  117  11:33  SCV  
  117  11:38  Supply Depot  
  117  11:39  Supply Depot  
  118  12:02  Supply Depot  
  118  12:07  Supply Depot  
  118  12:19  Marine x3  
  118  12:21  Thor  
  127  12:37  Marine x2  
  135  13:24  Marine x3  
  144  13:27  Battlecruiser  
  144  13:41  Marine x2  
  152  14:18  Refinery  
Show
View Real Time Build Order
Export as new Build Order

Subwaymaker Terran 

Build Orders:  

Get SALT Encoding   

  12  0:02  SCV  
  13  0:14  SCV  
  14  0:24  Supply Depot  
  14  0:26  SCV  
  15  0:32  Refinery  
  15  0:46  SCV  
  15  0:48  Barracks  
  16  0:58  SCV  
  17  1:10  SCV  
  17  1:30  SCV  
  18  1:42  SCV  
  18  1:50  Refinery  
  18  1:54  SCV  
  19  2:05  Reaper  
  19  2:06  SCV  
  19  2:08  Supply Depot  
  21  2:18  SCV  
  22  2:22  Command Center  
  21  2:30  SCV  
  22  2:50  Barracks Reactor  
  22  2:59  Supply Depot  
  22  3:03  Orbital Command  
  22  3:05  Factory  
  22  3:29  SCV  
  22  3:41  SCV  
  22  3:45  Marine x2  
  25  3:52  Factory Tech Lab  
  25  3:54  SCV  
  26  3:56  Starport  
  26  4:03  Marine  
  26  4:06  SCV  
  28  4:10  Orbital Command  
  28  4:17  Siege Tank  
  28  4:18  SCV  
  32  4:30  SCV  
  33  4:31  Engineering Bay  
  33  4:42  SCV  
  33  4:44  Starport Reactor, Barracks  
  34  4:52  SCV  
  35  4:54  SCV  
  35  4:58  Siege Tank  
  35  4:59  Refinery  
  39  5:01  Marine  
  39  5:04  SCV  
  41  5:11  Supply Depot  
  41  5:12  Liberator x2  
  41  5:25  Refinery  
  41  5:33  Barracks, SCV x2  
  49  5:39  Marine  
  49  5:40  Marine  
  51  5:43  Siege Tank  
  51  5:45  SCV x2  
  51  5:49  Supply Depot  
  57  5:57  Marine, SCV x2  
  57  5:59  Barracks Tech Lab  
  59  6:07  Supply Depot  
  59  6:09  SCV  
  59  6:10  Marine  
  61  6:15  Marine, Siege Tank, SCV  
  66  6:19  Combat Shield  
  66  6:21  SCV  
  67  6:28  Marine, Barracks Tech Lab  
  67  6:30  Supply Depot  
  68  6:33  Marine  
  69  6:43  Command Center  
  54  6:47  Siege Tank  
  31  7:17  Marine x2  
  23  7:35  Marine x2  
  22  7:53  Marine x2  
  24  8:11  Marine x2  
  19  8:28  Marine  
  19  8:29  Marine  
  6  9:15  Orbital Command  
  6  9:17  Marine x2  
  8  9:34  Marine  
  8  9:35  Marine  
  10  9:40  SCV  
  11  9:49  Siege Tank  
  11  9:52  SCV  
  15  9:53  Viking  
  17  10:04  SCV  
  17  10:07  Command Center  
  16  10:16  SCV  
  16  10:19  Marine  
  18  10:21  Siege Tank  
  21  10:29  SCV  
  22  10:41  SCV  
  23  10:47  Marine x3  
  26  10:53  SCV  
  27  11:05  SCV  
  28  11:17  SCV  
  29  11:24  Orbital Command  
  29  11:27  Marine  
  29  11:28  Marine x3  
  29  11:29  Siege Tank, SCV  
  37  11:41  SCV  
  38  11:53  SCV  
  39  11:58  Terran Infantry Weapons Level 1  
  39  12:01  Siege Tank  
  42  12:02  SCV  
  42  12:05  SCV  
  42  12:06  Marine x2  
  42  12:07  Marine x2  
  48  12:14  SCV  
  49  12:17  SCV  
  50  12:24  Marine x3  
  50  12:25  Marine  
  55  12:30  SCV  
  55  12:42  Marine x4  
  53  13:00  Widow Mine, Marine x4  
  57  13:21  Widow Mine  
  59  13:37  Marine  
  59  13:38  Marine x3  
  63  13:42  Widow Mine  
  65  13:55  Marine  
  66  14:04  Widow Mine  
Show
View Real Time Build Order
Export as new Build Order

Mesrob Terran 

Build Orders: Gas First Reaper Expand, Liberator Opening 

Get SALT Encoding   

  12  0:01  SCV  
  13  0:13  SCV  
  14  0:18  Supply Depot  
  14  0:26  SCV  
  15  0:32  Refinery  
  15  0:46  Barracks  
  15  0:52  SCV  
  16  1:29  SCV  
  17  1:35  Reaper  
  18  1:41  Orbital Command  
  18  1:52  Command Center  
  18  1:55  Refinery  
  18  2:17  Factory  
  18  2:26  Supply Depot  
  18  2:28  SCV  
  19  2:35  Barracks Reactor  
  19  2:40  SCV  
  20  2:52  SCV  
  21  3:04  Orbital Command  
  21  3:08  Refinery  
  21  3:12  Marine, Factory Tech Lab  
  21  3:13  Starport  
  21  3:14  Marine  
  23  3:23  Supply Depot  
  23  3:36  Siege Tank  
  26  3:42  SCV  
  26  3:46  Liberator  
  27  3:57  SCV x2  
  29  4:07  Marine  
  29  4:09  SCV  
  34  4:10  Marine  
  35  4:20  Siege Tank  
  38  4:25  Marine  
  38  4:26  SCV  
  38  4:27  SCV  
  41  4:33  Liberator  
  41  4:34  Supply Depot  
  42  4:38  SCV  
  42  4:39  SCV  
  42  4:40  Engineering Bay  
  43  4:46  Marine x2  
  48  4:57  SCV x2  
  50  5:09  SCV x2  
  51  5:30  Siege Tank  
  51  5:31  Marine x2  
  56  5:40  Liberator  
  53  5:57  Marine x2  
  53  6:03  Siege Tank  
  61  6:16  SCV  
  62  6:30  Supply Depot  
  62  6:34  Liberator, Command Center  
  62  6:36  Supply Depot  
  62  6:37  Marine x2, SCV x2  
  62  6:38  Siege Tank  
  69  6:49  SCV  
  73  6:55  Marine x2  
  73  6:58  Supply Depot  
  61  7:13  Marine x2  
  60  7:21  Supply Depot  
  60  7:31  Marine  
  60  7:45  Supply Depot  
  60  7:49  Marine x2  
  41  8:07  Siege Tank  
  36  9:04  Planetary Fortress  
  25  10:06  Marine  
  26  10:07  Marine  
  26  10:09  Siege Tank  
  30  10:19  Barracks  
  30  10:20  Barracks  
  30  10:23  Barracks  
  30  10:24  Marine, Barracks  
  30  10:25  Marine  
  29  10:41  Siege Tank  
  29  10:42  Marine x2  
  34  11:00  Marine x2  
  36  11:07  SCV  
  36  11:09  Barracks  
  36  11:11  SCV  
  38  11:13  Siege Tank  
  38  11:17  Marine  
  38  11:18  Marine  
  42  11:19  SCV x2  
  42  11:23  SCV  
  46  11:31  SCV  
  47  11:35  SCV  
  48  11:41  Refinery  
  48  11:43  SCV  
  48  11:45  Siege Tank  
  52  11:47  SCV  
  53  11:55  Refinery, SCV  
  53  11:57  Refinery  
  53  11:59  SCV x2  
  56  12:04  Marine x6  
  56  12:07  SCV  
  63  12:11  SCV x2  
  65  12:17  Siege Tank  
  65  12:20  SCV  
  65  12:22  Marine x3  
  68  12:23  SCV x2  
  65  12:32  SCV  
  65  12:35  SCV  
  59  12:45  Starport Reactor  
  59  12:47  Barracks Reactor x3  
  59  12:48  Marine, Barracks Reactor x2  
  59  12:49  Marine  
  42  13:06  Marine  
  42  13:07  Marine  
  34  13:21  Engineering Bay  
  34  13:24  Marine x2  
  34  13:42  Marine x2  
  34  13:43  Marine x10  
  45  14:00  Marine x3  
  45  14:01  Marine x7  
Tags
 
Add a new tag
Caveats
  • Supply blocks, unpowered buildings, or Contaminate may cause inaccurate times.
  • Supply counts are checked every 10 seconds.